Map: Oxide LE

Players

ViBE - Winner!

  • Race: Protoss Protoss
  • League: Diamond

AgCl

  • Race: Protoss Protoss
  • League: Diamond

VOD

Have the link to the VOD?

Description

Time

  • Played on: April 12, 2021, 4:57 a.m.
  • Length: 8:55
Show
View Real Time Build Order
Export as new Build Order

ViBE Protoss - Winner!

Build Orders:  

Get SALT Encoding   

  12  0:07  Probe  
  13  0:17  Pylon  
  13  0:20  Probe  
  14  0:33  Probe (Chrono Boost)  
  15  0:37  Gateway  
  16  0:44  Assimilator, Probe (Chrono Boost)  
  16  0:49  Probe (Chrono Boost)  
  17  0:59  Probe  
  18  1:09  Gateway  
  18  1:25  Probe  
  19  1:33  Cybernetics Core  
  19  1:37  Probe  
  20  1:44  Assimilator  
  20  1:50  Probe  
  21  1:56  Pylon  
  21  2:03  Probe  
  22  2:12  Adept x2 (Chrono Boost)  
  22  2:15  Probe  
  27  2:27  Probe  
  28  2:32  Warp Gate  
  28  2:36  Pylon  
  28  2:42  Nexus  
  28  2:47  Pylon  
  28  2:54  Probe  
  29  3:02  Stalker  
  33  3:06  Sentry  
  33  3:08  Probe  
  34  3:19  Shield Battery  
  34  3:20  Probe  
  34  3:26  Robotics Facility  
  35  3:32  Probe  
  36  3:38  Stalker  
  38  3:44  Probe (Chrono Boost)  
  39  3:53  Stalker  
  39  3:54  Probe (Chrono Boost)  
  42  3:56  Probe (Chrono Boost)  
  43  4:04  Probe (Chrono Boost)  
  43  4:05  Probe (Chrono Boost)  
  43  4:09  Probe (Chrono Boost)  
  45  4:10  Probe  
  47  4:21  Probe  
  47  4:22  Probe  
  47  4:23  Stalker  
  51  4:33  Pylon, Probe  
  51  4:35  Probe  
  51  4:37  Pylon  
  53  4:45  Probe  
  54  4:47  Pylon  
  54  4:50  Assimilator, Pylon  
  54  4:52  Assimilator, Stalker  
  60  4:53  Stalker  
  58  5:10  Observer  
  53  5:14  Gateway  
  53  5:15  Gateway  
  53  5:18  Gateway  
  53  5:19  Stalker x2  
  53  5:23  Twilight Council  
  53  5:25  Forge, Probe x2  
  55  5:37  Probe x2  
  55  5:40  Blink (Chrono Boost)  
  57  5:43  Stalker x2  
  57  5:47  Protoss Ground Weapons Level 1 (Chrono Boost)  
  61  6:01  Probe x2  
  63  6:13  Stalker x5  
  73  6:29  Probe x2  
  75  6:34  Nexus  
  75  6:35  Pylon  
  75  6:41  Probe  
  75  6:42  Probe  
  75  6:43  Pylon  
  77  6:56  Probe x2  
  77  6:59  Stalker x5  
  89  7:08  Probe x2  
  89  7:11  Pylon  
  89  7:15  Pylon  
  91  7:20  Probe  
  92  7:24  Stalker x4  
  100  7:34  Probe x2  
  102  7:45  Photon Cannon  
  102  7:46  Photon Cannon, Probe  
  103  7:53  Photon Cannon  
  103  8:12  Stalker x5  
  113  8:14  Probe x2  
  113  8:15  Probe  
  116  8:26  Probe x2  
  119  8:27  Probe  
  117  8:47  Stalker x5  
  130  8:49  Assimilator  
  130  8:54  Assimilator  
Show
View Real Time Build Order
Export as new Build Order

AgCl Protoss 

Build Orders: Oracle Opening 

Get SALT Encoding   

  12  0:13  Pylon, Probe  
  13  0:25  Probe  
  14  0:35  Gateway  
  14  0:39  Probe  
  15  0:51  Probe  
  15  0:56  Pylon  
  16  0:57  Assimilator  
  16  1:03  Probe  
  17  1:15  Probe  
  18  1:26  Zealot (Chrono Boost)  
  18  1:27  Probe  
  18  1:28  Cybernetics Core  
  21  1:39  Probe (Chrono Boost)  
  22  1:45  Zealot  
  24  1:50  Probe (Chrono Boost)  
  25  1:55  Probe (Chrono Boost)  
  26  2:05  Probe  
  27  2:13  Assimilator  
  27  2:18  Probe  
  27  2:30  Probe  
  27  2:50  Warp Gate, Nexus  
  25  2:53  Pylon  
  25  2:56  Stargate  
  23  2:59  Pylon  
  23  3:02  Shield Battery  
  23  3:03  Probe  
  24  3:06  Stalker  
  26  3:15  Probe  
  27  3:24  Pylon  
  27  3:28  Probe  
  28  3:37  Oracle (Chrono Boost)  
  31  3:41  Probe  
  31  3:48  Stalker  
  34  3:54  Gateway  
  34  3:57  Pylon  
  34  3:58  Probe  
  36  4:10  Probe  
  36  4:15  Void Ray (Chrono Boost)  
  40  4:22  Probe  
  41  4:34  Probe  
  42  4:46  Probe  
  42  4:49  Twilight Council  
  43  4:55  Forge  
  43  4:58  Probe  
  44  5:11  Void Ray (Chrono Boost)  
  44  5:12  Probe  
  49  5:15  Stalker  
  51  5:30  Photon Cannon  
  51  5:34  Gateway, Stalker  
  53  5:38  Probe x2 (Chrono Boost)  
  53  5:41  Assimilator  
  53  5:42  Pylon  
  55  5:43  Assimilator  
  55  5:48  Probe (Chrono Boost)  
  56  5:50  Probe (Chrono Boost)  
  56  5:53  Probe (Chrono Boost)  
  56  5:55  Dark Shrine  
  58  5:59  Probe  
  59  6:04  Probe  
  59  6:11  Probe  
  61  6:16  Probe  
  62  6:23  Probe  
  59  6:28  Probe  
  59  6:29  Shield Battery  
  59  6:30  Pylon  
  59  6:32  Charge  
  60  6:35  Probe  
  60  6:36  Protoss Ground Weapons Level 1 (Chrono Boost)  
  61  6:40  Probe  
  61  6:47  Probe  
  61  6:52  Probe  
  63  6:59  Probe  
  63  7:00  Zealot x2  
  63  7:01  Zealot  
  70  7:04  Probe  
  70  7:05  Gateway  
  70  7:06  Pylon  
  70  7:07  Void Ray  
  75  7:11  Probe  
  76  7:16  Probe  
  76  7:18  Pylon  
  77  7:23  Probe  
  77  7:25  Dark Templar x3  
  77  7:29  Probe  
  85  7:39  Probe  
  85  7:47  Nexus  
  85  7:48  Probe  
  85  7:50  Assimilator, Pylon  
  86  7:51  Assimilator  
  86  7:55  Robotics Facility  
  86  8:06  Probe  
  86  8:07  Void Ray  
  86  8:12  Probe  
  86  8:18  Probe  
  77  8:28  Dark Templar x2  
  77  8:29  Dark Templar  
  77  8:30  Dark Templar  
  77  8:32  Probe  
  82  8:40  Archon x2  
Tags
 
Add a new tag
Caveats
  • Supply blocks, unpowered buildings, or Contaminate may cause inaccurate times.
  • Supply counts are checked every 10 seconds.